cohdb
Replays
Latest Replays
All Replays
Popular Replays
Top Player Replays
Match Explorer
How It Works
Community
CoH3 Stats
Reddit
Sign in to upload your games and track your stats! →
Sign in with Steam
Match 36429521
Unlisted
Match 36429521
Overview
Messages
Build Orders
End
Construct Section Command Post
Infantry Section
Infantry Section
Infantry Section
Infantry Section
Selects Indian Artillery Battlegroup
Selects Towed ML 4.2-inch Heavy Mortar
Towed ML 4.2-inch Heavy Mortar
Construct Platoon Command Post
Selects Valour
Grenade Package
6-pounder Anti-tank Gun Team
Towed ML 4.2-inch Heavy Mortar
Sir Leading Role
Fank
Yaas
AUTMike
SLOVAK ARMY / 5th PSU /
KnJaz
0
0
Comments
sign in to comment!
No comments posted yet!